[Event "*** Titled Tuesday Blitz"]
[Site "Chess.com"]
[Date "2021.03.09"]
[Round "3"]
[White "AlejandroPacheco29"]
[Black "IngOscarArdila"]
[Result "1/2-1/2"]
[WhiteElo "2504"]
[BlackElo "2247"]
[TimeControl "180+1"]
[EndTime "10:30:27 PST"]
[Termination "Game drawn by repetition"]

1. e4 e5 2. Nf3 Nf6 3. Nxe5 d6 4. Nf3 Nxe4 5. Nc3 Nxc3 6. dxc3 Be7 7. Be3 O-O 8. Bd3 Nd7 9. Qe2 Nf6 10. O-O-O c5 11.
h4 Be6 12. c4 Qa5 13. a3 b5 14. Ng5 Bxc4 15. Bxc4 bxc4 16. Qxc4 d5 17. Rxd5 Nxd5 18.
Qxd5 Bf6 19. Qf5 Bxg5 20. hxg5 g6 21. Qh3 h5 22. gxh6 Kh7 23. Qf3 Qb6 24. Bd2 f5 25. Bc3 Rad8 26. Qf4 Rf7 27. g4 Qd6 28. Qg5 fxg4 29.
Qxg4 Qf4+ 30. Qxf4 Rxf4 31. Rh2 Re4 32. b3 Re2 33.
Rg2 Rf8 34. Rg5 Rfxf2 35. Rxc5 Rxc2+ 36. Kb1 Kxh6 37. Bg7+ Kxg7 38. Rxc2 Rf7 39. Rg2 Kh6 40. Kb2 g5 41. a4 Kh5 42. b4 g4 43. Kb3 Kh4 44.
Kc4 Kh3 45. Rd2 g3 46. Rd8 Rg7 47. Rh8+ Kg4 48. Rh1 g2 49. Rg1 Kf3 50. b5 Kf2 51. Rc1 g1=Q 52. Rxg1 Kxg1 53. a5 Kf2 54. Kc5 Ke3 55.
b6 axb6+ 56. axb6 Ke4 57. Kc6 Rg6+ 58. Kc7 Rg7+ 59. Kc8 Rg8+ 60. Kc7 Rg7+ 61. Kc6 Rg1 62. b7 Rc1+ 63. Kd7 Rd1+ 64. Kc7 Rc1+ 65. Kd7 Rb1 66. Kc7 Rc1+ 67. Kd7 1/2-1/2

[Event "*** Titled Tuesday Blitz"]
[Site "Chess.com"]
[Date "2021.03.09"]
[Round "3"]
[White "ChampStan"]
[Black "kayrakamer"]
[Result "0-1"]
[WhiteElo "2021"]
[BlackElo "2697"]
[TimeControl "180+1"]
[EndTime "10:30:28 PST"]
[Termination "kayrakamer won by resignation"]

1. d4 Nf6 2. c4 g6 3. Nf3 Bg7 4. g3 O-O 5. Bg2 c6 6. O-O d6 7.
Nc3 Qa5 8. e4 e5 9. h3 Nbd7 10. Be3 exd4 11. Nxd4 Ne5 12. Qe2 c5 13. Ndb5 Be6 14. Nxd6 Qa6 15. Bxc5 Nfd7 16. Bb4 Nc6 17. f4 Nxb4 18. e5 Nc6 19. Rad1 Qb6+ 20. Kh2 Nd4 21. Qf2 Nf5 22. Qxb6 Nxb6 23. Nxf5 gxf5 24. b3 Rab8 25. Rd6 Rfd8 26. Rfd1 Rxd6 27. Rxd6 Bf8 28. Rd1 Bb4 29. Nb5 a6 30. Nc7 Kf8 31. a4 Ke7 32. Nd5+ Nxd5 33. cxd5 Bd7 34. Rc1 Rc8 35. d6+ Kd8 36. Rxc8+ Kxc8 37. Bd5 Be6 38. Bxe6+ fxe6 39. g4 Kd7 40.
Kg3 Be1+ 41. Kf3 Kc6 42. Ke2 Ba5 43. Kf3 Kd5 44. Ke3 Bb6+ 45. Kd3 Bf2 46. a5 Bc5 47.
Kc3 Kc6 48. b4 Be3 49. gxf5 exf5 50. Kd3 Bxf4 51. Kd4 Bd2 52. h4 Bxb4 53. Ke3 Bxa5 54. Kf4 Bb4 55. Kxf5 Bxd6 56. exd6 Kxd6 0-1

[Event "*** Titled Tuesday Blitz"]
[Site "Chess.com"]
[Date "2021.03.09"]
[Round "3"]
[White "Logman74"]
[Black "samidescalona2002"]
[Result "0-1"]
[WhiteElo "2337"]
[BlackElo "2221"]
[TimeControl "180+1"]
[EndTime "10:30:28 PST"]
[Termination "samidescalona2002 won on time"]

1. d4 g6 2. Nc3 Bg7 3. e4 d6 4. f4 a6 5. Nf3 b5 6. a3 Bb7 7.
Bd3 Nd7 8. e5 c5 9. exd6 exd6 10.
dxc5 Nxc5 11. O-O Ne7 12. Be3 O-O 13. Kh1 Rc8 14. Qd2 Nxd3 15. Qxd3 Nf5 16. Bg1 Qc7 17. Rad1 Rfe8 18. Nd4 Be5 19. fxe5 Nxd4 20. Bxd4 dxe5 21. Bg1 Rcd8 22. Qg3 Qc6 23. Rxd8 Rxd8 24. Qf2 f5 25. Rd1 Rxd1 26. Nxd1 Kf7 27. Ne3 f4 28. Ng4 Ke6 29.
Qe2 Qd5 30. Ba7 h5 31. Nh6 Qd8 32. Qd3 Qg5 33. Qb3+ Bd5 34. Qh3+ Kf6 35. Bb6 Ke7 36. Bc5+ Kf6 37. Bb6 Ke7 38. Bc5+ Kf6 39. b4 Qxh6 40. Qd7 Be6 41. Qe7+ Kf5 42. h4 g5 43. hxg5 Qxg5 44.
Qf8+ Ke4 45. Qd6 Bd5 46. Qd7 Qg4 47. Qh7+ Qf5 48. Qxf5+ Kxf5 49. Kg1 Be4 50. c3 Bd3 51.
Kf2 e4 52. Bd6 e3+ 53. Ke1 Be4 54. Kf1 Kg4 55. Bc7 Kg3 56. Ke2 Bxg2 57. Ke1 Bf3 58. Bd6 h4 59. Be5 h3 0-1

[Event "*** Titled Tuesday Blitz"]
[Site "Chess.com"]
[Date "2021.03.09"]
[Round "3"]
[White "Vaathi_Coming"]
[Black "ural58"]
[Result "0-1"]
[WhiteElo "2795"]
[BlackElo "2559"]
[TimeControl "180+1"]
[EndTime "10:30:36 PST"]
[Termination "ural58 won by checkmate"]

1. e4 d5 2. exd5 Qxd5 3. Nc3 Qa5 4. d4 Nf6 5. Nf3 Nc6 6. Bb5 Ne4 7. O-O Nxc3 8. Bxc6+ bxc6 9. bxc3 Bf5 10. Re1 e6 11.
Bd2 Qa4 12. Ne5 Bd6 13. Qf3 Bxe5 14. Rxe5 O-O 15. h4 Qxc2 16. Bf4 Rab8 17. Qxc6 Rb1+ 18.
Re1 Rxe1+ 19. Rxe1 Qxa2 20. Qxc7 a5 21. c4 a4 22. Bd6 Ra8 23. Qb7 Rd8 24. c5 Qd2 25. Rf1 Qxd4 26. c6 Qxd6 27. c7 h5 28. Rc1 e5 29. cxd8=Q+ Qxd8 30. Qb5 Qxh4 31. Qe8+ Kh7 32. Qxf7 Bg6 33. Qc4 Qg5 34. Ra1 Be8 35. Qe4+ Qg6 36. Qe3 e4 37. Qd4 Qc6 38. Qe3 Bg6 39. Rc1 Qd5 40. Qf4 a3 41. Qe3 a2 42. Qa3 Bf7 43. Ra1 Qe5 44. Qc1 Qf6 45. Qe1 Qd4 46. Rd1 Qb2 47.
Qxe4+ Bg6 48. Qe1 Bc2 49. Qd2 a1=Q 50. Rxa1 Qxa1+ 51. Kh2 Qb1 52. Qg5 Bg6 53. g3 Qc2 54. Qf4 Qc8 55. Qe3 Qg4 56. Qc5 Qf5 57. Qe3 Qe4 58. Qc5 Qf5 59. Qe3 Qf7 60. Qc5 Bf5 61.
Qe3 Qg6 62. Qc5 Qg4 63. Qe3 Be4 64. Qc5 Qf3 65. Qc1 Qg2# 0-1

[Event "*** Titled Tuesday Blitz"]
[Site "Chess.com"]
[Date "2021.03.09"]
[Round "3"]
[White "MaevskiyNikolay"]
[Black "DinaBelenkaya"]
[Result "0-1"]
[WhiteElo "2522"]
[BlackElo "2355"]
[TimeControl "180+1"]
[EndTime "10:30:36 PST"]
[Termination "DinaBelenkaya won by checkmate"]

1. c4 e5 2. Nc3 Nc6 3. g3 Bc5 4. Bg2 Nge7 5. e3 d6 6. a3 a5 7. Nge2 Bf5 8. d3 Qd7 9. h3 h5 10. Rb1 O-O 11. b4 axb4 12. axb4 Nxb4 13. e4 Be6 14. h4 Na2 15. Bd2 Bg4 16. f3 Be6 17.
Rxb7 Bb6 18. Nxa2 Rxa2 19. Nc3 Ra6 20. Nb5 Qc6 21. Rxb6 Qxb6 22. f4 Bg4 23. Bf3 Bxf3 24. Qxf3 Ra1+ 25. Ke2 Rxh1 26. Qxh1 Nc6 27. Qf3 Nd4+ 28. Nxd4 Qxd4 29. Qxh5 Ra8 30. f5 Ra3 31. Qf3 c6 32. f6 d5 33. cxd5 cxd5 34. exd5 e4 35.
Qxe4 Qxf6 36. Qe8+ Kh7 37. Qe4+ g6 38. h5 Ra8 39. hxg6+ Qxg6 40. Qh4+ Kg7 41. Bc3+ f6 42. Qf4 Re8+ 43. Kd2 Qh5 44. g4 Qf7 45. g5 Ra8 46. gxf6+ Kf8 47. Bb4+ Kg8 48. Qg3+ Kh7 49. Qh4+ Kg6 50.
Qg4+ Kxf6 51. Bc3+ Ke7 52. Qe4+ Kf8 53. Bb4+ Kg7 54.
Bc3+ Kg8 55. Qg2+ Kf8 56. Bb4+ Ke8 57. Qe4+ Kd7 58. d6 Ra2+ 59. Kc3 Qf6+ 60. Kc4 Qf7+ 61. Kb5 Qh5+ 62. Bc5 Rb2+ 63. Kc4 Qf7+ 64. Qd5 Rc2+ 65. Kd4 Qf4+ 66. Qe4 Qf2+ 67. Kd5 Qxc5# 0-1

[Event "*** Titled Tuesday Blitz"]
[Site "Chess.com"]
[Date "2021.03.09"]
[Round "3"]
[White "chessdiamant"]
[Black "Ranindu2003"]
[Result "1/2-1/2"]
[WhiteElo "2291"]
[BlackElo "2612"]
[TimeControl "180+1"]
[EndTime "10:30:40 PST"]
[Termination "Game drawn by repetition"]

1. e4 g6 2. d4 Bg7 3. Nc3 d6 4.
Be3 a6 5. Qd2 b5 6. h4 h6 7. h5 g5 8. f4 gxf4 9. Bxf4 Bb7 10. Nf3 e6 11. Bd3 Nf6 12. a3 Nbd7 13. O-O-O Qe7 14. Kb1 c5 15. dxc5 dxc5 16. Bxb5 axb5 17.
Bd6 Qd8 18. Nxb5 Nxe4 19. Qf4 Qb6 20. c4 Rc8 21. Rh4 Bc6 22. Rg4 Bf6 23. Qxh6 Nf8 24.
Qxh8 Bxh8 25. Rg8 Nxd6 26. Nxd6+ Kd7 27. Nxc8+ Kxc8 28. Rxf8+ Kb7 29. Rxf7+ Ka6 30. Rd2 Bc3 31. Rc2 Bd4 32. Nxd4 cxd4 33. c5 Qb3 34. Rff2 Be4 35. h6 Bxc2+ 36. Rxc2 Qd3 37. Kc1 Kb7 38. c6+ Kc7 39.
b4 Qe3+ 40. Rd2 Qxh6 41. b5 Qg5 42. a4 Qc5+ 43. Rc2 Qa3+ 44. Kd1 Qa1+ 45. Kd2 Qxa4 46. b6+ Kxb6 47. c7 Qa5+ 48. Kd3 Qa6+ 49. Kxd4 Qc8 50. Ke5 Kb7 51. g4 Kb6 52. g5 Kb5 53.
Kf6 Kb4 54. g6 Qf8+ 55. Kxe6 Qg8+ 56. Kf6 Qf8+ 57. Kg5 Qe7+ 58. Kh6 Qh4+ 59. Kg7 Qe7+ 60. Kg8 Qe8+ 61. Kg7 Qe7+ 62. Kh8 Qf8+ 63. Kh7 Qe7+ 64. Kh6 Qh4+ 65. Kg7 Qe7+ 1/2-1/2

[Event "*** Titled Tuesday Blitz"]
[Site "Chess.com"]
[Date "2021.03.09"]
[Round "3"]
[White "mikolka1985"]
[Black "PowerThinking2650"]
[Result "1-0"]
[WhiteElo "2684"]
[BlackElo "2439"]
[TimeControl "180+1"]
[EndTime "10:30:41 PST"]
[Termination "mikolka1985 won on time"]

1. d4 Nf6 2. c4 g6 3. Nc3 Bg7 4. e4 d6 5. Nf3 O-O 6. h3 e5 7.
d5 a5 8. g4 Na6 9. Be3 Nd7 10. a3 Nb6 11. Nd2 f5 12. g5 f4 13.
Bxb6 cxb6 14. h4 Nc5 15. Bh3 Nd3+ 16. Kf1 Bxh3+ 17. Rxh3 Nc5 18. b4 axb4 19. axb4 Na6 20. Rb1 Qd7 21. Qf3 Nc7 22. Rh1 Ra3 23. Rb3 Rfa8 24.
Qh3 Qxh3+ 25. Rxh3 Rxb3 26. Nxb3 Ra3 27. Nd2 Bf8 28.
Kg2 Ra2 29. Rd3 Rb2 30. b5 h6 31.
Na4 Rc2 32. Nxb6 hxg5 33. hxg5 Ne8 34. Nf3 Be7 35. Kf1 Bd8 36. Nd7 Rxc4 37. Ra3 Kf7 38. Nd2 Rc2 39. Ke2 Bxg5 40. Kd1 Rb2 41. b6 Bh4 42. f3 Bf2 43. Ra7 Bxb6 44. Rxb7 Bd4 45. Rxb2 Bxb2 46. Nc4 Bd4 47. Nb8 g5 48. Nc6 Bc5 49. Ke2 Nf6 50. Kd3 g4 51. fxg4 Nxg4 52. Ke2 Nf6 53. Kf3 Kg6 54. N6a5 Kf7 55. Nb7 Bb4 56.
Nbxd6+ Bxd6 57. Nxd6+ Ke7 58. Nc4 Nd7 59. Kg4 Kf6 60.
Kf3 Nc5 61. Nb6 Nd7 62. Nxd7+ 1-0

[Event "*** Titled Tuesday Blitz"]
[Site "Chess.com"]
[Date "2021.03.09"]
[Round "3"]
[White "lider34"]
[Black "Mazanchenko_Dmitry"]
[Result "0-1"]
[WhiteElo "2466"]
[BlackElo "2154"]
[TimeControl "180+1"]
[EndTime "10:30:41 PST"]
[Termination "Mazanchenko_Dmitry won on time"]

1. e4 c5 2. c3 d5 3. exd5 Qxd5 4.
d4 Nc6 5. Nf3 e5 6. Nxe5 Nxe5 7.
dxe5 Qxd1+ 8. Kxd1 Bg4+ 9. Be2 O-O-O+ 10. Ke1 Bxe2 11. Kxe2 Re8 12. f4 f6 13. Be3 fxe5 14. f5 Nf6 15. Nd2 b6 16. a4 Kc7 17. a5 b5 18. Rad1 a6 19. Nb3 c4 20. Nc5 Bxc5 21. Bxc5 Kc6 22. Be3 Rd8 23. Bb6 Rxd1 24. Rxd1 Nd5 25.
Bf2 Rd8 26. Bg3 Nf4+ 27. Bxf4 Rxd1 28. Kxd1 exf4 29. Ke2 Kd5 30. Kf3 Ke5 31. Kg4 Ke4 32. h4 h6 33. f6 gxf6 34. Kh5 Ke3 35. Kxh6 Kf2 36. Kg6 Kxg2 37. h5 f3 38. h6 f2 39.
h7 f1=Q 40. h8=Q Qb1+ 41. Kxf6 Qxb2 42. Qa8+ Kf2 43. Qxa6 Qxc3+ 44. Ke6 Qe3+ 45. Kd5 Qd3+ 46. Kc5 c3 47. Qf6+ Ke2 48. a6 c2 49. Qb2 Kd1 50.
a7 c1=Q+ 51. Qxc1+ Kxc1 52. a8=Q Qc4+ 53. Kd6 b4 54. Qh1+ Kb2 55. Qg2+ Qc2 56. Qg7+ Kb3 57. Qf7+ Qc4 58. Qf3+ Qc3 59. Qf7+ Kb2 60. Qf2+ Ka3 61.
Qa7+ Kb3 62. Qf7+ Kc2 63. Qa2+ Qb2 64. Qc4+ Qc3 65. Qa2+ Kd3 66. Qa6+ Qc4 0-1

[Event "*** Titled Tuesday Blitz"]
[Site "Chess.com"]
[Date "2021.03.09"]
[Round "3"]
[White "ChessAurochs"]
[Black "kingofthenil"]
[Result "1-0"]
[WhiteElo "2589"]
[BlackElo "2792"]
[TimeControl "180+1"]
[EndTime "10:30:44 PST"]
[Termination "ChessAurochs won by resignation"]

1. e4 Nc6 2. Nf3 d5 3. e5 Bg4 4. d4 Bxf3 5. gxf3 e6 6. Be3 Qh4 7. c3 Nh6 8. Bd3 g6 9. Qd2 Nf5 10. Na3 Qh5 11. Be2 Nxe3 12. Qxe3 Bh6 13. Qd3 Qh4 14.
Nc2 f6 15. exf6 Qxf6 16. Ne3 O-O-O 17. Ng4 Qf8 18. Nxh6 Qxh6 19. Qe3 Qg7 20. O-O-O e5 21. dxe5 Qxe5 22. Bb5 Qxe3+ 23. fxe3 Ne5 24. Be2 Rhe8 25. h4 c6 26. h5 g5 27. h6 Nf7 28. Kd2 Re6 29.
Bd3 Kc7 30. Bxh7 Rh8 31. Bd3 Rexh6 32. Rxh6 Rxh6 33. Rg1 Rh2+ 34. Be2 Ne5 35. Ke1 Nc4 36.
Rxg5 Nxe3 37. Re5 Ng2+ 38. Kd1 Kd6 39. Re8 Nf4 40. Ke1 Kd7 41. Re5 Kd6 42. Re8 c5 43. b3 d4 44. cxd4 cxd4 45. Re4 Nxe2 46.
Rxe2 Rh3 47. Rf2 Ke5 48. Kd2 Rh4 49. Kd3 Rf4 50. Rf1 Kd5 51. a4 a5 52. Kd2 Rh4 53.
Kd3 Rf4 54. Kd2 b6 55. Kd3 Rf8 56. f4 Re8 57. f5 Re3+ 58. Kd2 Kd6 59. f6 Re8 60.
Kd3 Rf8 61. Kxd4 Rf7 62. Kc4 Kc6 63. Rf5 Kb7 64. Kd5 Kc7 65. Ke6 Rf8 66. f7 Kd8 67. Rd5+ Kc7 68. Ke7 Rxf7+ 69. Kxf7 Kc6 70. Rb5 Kc7 71.
Ke6 Kc6 72. Ke5 1-0

[Event "*** Titled Tuesday Blitz"]
[Site "Chess.com"]
[Date "2021.03.09"]
[Round "3"]
[White "Legendinunknown"]
[Black "jens1102"]
[Result "1-0"]
[WhiteElo "2634"]
[BlackElo "2421"]
[TimeControl "180+1"]
[EndTime "10:30:44 PST"]
[Termination "Legendinunknown won by checkmate"]

1. d4 d5 2. c4 c6 3. Nc3 Nf6 4. Nf3 dxc4 5. a4 Bf5 6. Ne5 e6 7. f3 Bd6 8. Nxc4 Bb4 9. Kf2 O-O 10. e4 Bg6 11. Be3 Nbd7 12. Bd3 Re8 13. h4 h5 14. Ne2 e5 15. dxe5 Nxe5 16. Nxe5 Rxe5 17. Nf4 Qe7 18.
Nxg6 fxg6 19. Qb3+ Kh7 20. Bf4 Qc5+ 21. Be3 Qf8 22. Ke2 a5 23. Rad1 Rae8 24. Bc2 Nd5 25. g3 Nxe3 26. Qxe3 Bc5 27. Qc3 Bb4 28. Qb3 Qe7 29.
Qe3 Bc5 30. Qd3 Bb6 31. Qc3 Ba7 32. Rd2 Rc5 33. Qb3 Qe5 34. f4 Qe7 35. Rhd1 Qe6 36. Qxe6 Rxe6 37. Bb3 Rxe4+ 38. Kf3 Rb4 39. Bf7 Rf5 40.
Be6 Rf6 41. Re1 Bc5 42. Rd8 Rf8 43. Rd7 Rxb2 44. Ke4 Re8 45. Kd3 Rg2 46. Kc4 Rc2+ 47.
Kb3 Rg2 48. f5 Rxg3+ 49. Kc4 b6 50. Rf7 Rd8 51. fxg6+ Kxg6 52. Rd7 Rxd7 53. Bxd7 Rg2 54. Bxc6 Rh2 55. Re6+ Kf7 56. Bd5 Rxh4+ 57. Re4+ Kf6 58. Rxh4 Kg5 59. Re4 h4 60. Be6 Kh5 61. Bg4+ Kg5 62. Kd5 g6 63. Ke6 Be3 64. Bh3 Bf4 65. Kf7 Bd2 66.
Rg4+ Kh5 67. Rxg6 Bg5 68. Rxb6 Be3 69. Rb5+ Kh6 70. Rxa5 Bd2 71. Rb5 Be3 72. Bg4 Bd2 73. Rh5# 1-0

[Event "*** Titled Tuesday Blitz"]
[Site "Chess.com"]
[Date "2021.03.09"]
[Round "3"]
[White "mapleaff"]
[Black "StockholmMissile"]
[Result "1-0"]
[WhiteElo "2402"]
[BlackElo "2561"]
[TimeControl "180+1"]
[EndTime "10:30:44 PST"]
[Termination "mapleaff won on time"]

1. e4 e5 2. Nf3 Nc6 3. Bb5 a6 4. Ba4 g6 5. O-O Bg7 6. c3 Nge7 7. d4 exd4 8. cxd4 b5 9. Bc2 O-O 10. d5 Na5 11. Bd2 Nc4 12. Bc3 d6 13. Bxg7 Kxg7 14.
b3 Ne5 15. Nd4 c5 16. dxc6 N5xc6 17. Nc3 Bb7 18. Qd2 Qc7 19. Rac1 Rad8 20. Nd5 Qb8 21. Bb1 Nxd5 22. Nxc6 Bxc6 23. Rxc6 Ne7 24. Rxa6 d5 25.
exd5 Rxd5 26. Qa5 Rfd8 27. Rb6 Qe5 28. Rxb5 Rxb5 29. Qxd8 Nd5 30. Bd3 Rc5 31. Bc4 Nf4 32. Rd1 Rc7 33. Qd4 Qxd4 34. Rxd4 g5 35. g3 Ng6 36.
Kg2 Re7 37. a4 Re1 38. Rd7 Ra1 39. Rxf7+ Kh6 40. Ra7 g4 41. h4 Ne5 42. Bg8 Nf3 43.
Rxh7+ Kg6 44. h5+ Kf6 45. Rf7+ Kg5 46. Rxf3 gxf3+ 47. Kxf3 Rb1 48. Kg2 Ra1 49. Bc4 Kxh5 50. f3 Kg5 51. Kh3 Rh1+ 52. Kg2 Ra1 53. Kf2 Ra2+ 54.
Ke3 Rg2 55. g4 Ra2 56. Kd4 Rf2 57. Bd5 Kf4 58. Kc5 Ke5 59. Bc6 Rc2+ 60. Kb6 Kd6 61.
Be4 Rc8 62. a5 Rb8+ 63. Bb7 Re8 64. a6 Re3 65. b4 Rb3 66. b5 1-0

[Event "*** Titled Tuesday Blitz"]
[Site "Chess.com"]
[Date "2021.03.09"]
[Round "3"]
[White "LamaChampetre"]
[Black "thechesscorner64"]
[Result "1-0"]
[WhiteElo "2219"]
[BlackElo "2388"]
[TimeControl "180+1"]
[EndTime "10:30:44 PST"]
[Termination "LamaChampetre won by checkmate"]

1. d4 Nf6 2. c4 e6 3. Nf3 Bb4+ 4. Nbd2 b6 5. g3 Bb7 6. Bg2 Bxd2+ 7. Bxd2 O-O 8. O-O Ne4 9. Bc1 f5 10. Ng5 Qc8 11. Nxe4 Bxe4 12. f3 Bb7 13. e4 fxe4 14. fxe4 Rxf1+ 15. Qxf1 Nc6 16. Be3 Qf8 17. Qe2 Qb4 18.
Rf1 Rf8 19. Rxf8+ Qxf8 20. e5 Na5 21. d5 Qb4 22. b3 Qc3 23. Bf2 Qa1+ 24. Be1 h6 25. h4 Qd4+ 26. Bf2 Qa1+ 27. Kh2 Qc3 28. Be1 Qd4 29. Bxa5 bxa5 30. Qh5 Kf8 31. Qf3+ Kg8 32.
Qf4 Qxf4 33. gxf4 Kf8 34. Kg3 exd5 35. cxd5 Ba6 36. a3 Bd3 37. Kf2 Ke7 38. Ke3 Bc2 39.
b4 axb4 40. axb4 d6 41. Kd4 Ba4 42. Bh3 g5 43. hxg5 hxg5 44. fxg5 Kf8 45. exd6 cxd6 46. Ke4 Kg7 47. Kf4 Kg6 48. Bf5+ Kg7 49. Be6 Bc2 50. Bf5 Bb3 51. Be4 Bc4 52. Kf5 Bb5 53. Ke6 Be8 54. Kxd6 Kf8 55. Ke6 Bb5 56. d6 Bc4+ 57. Kf6 Ke8 58. g6 Kd7 59. Ke5 Bg8 60. Bf5+ Kc6 61.
d7 Kc7 62. Kf6 a5 63. Ke7 Bc4 64. d8=Q+ Kc6 65. Qd6+ Kb7 66. bxa5 Bb5 67. g7 Bc6 68. Qc5 Ka6 69. Qb6# 1-0

[Event "*** Titled Tuesday Blitz"]
[Site "Chess.com"]
[Date "2021.03.09"]
[Round "3"]
[White "Cptn2"]
[Black "Bigfish1995"]
[Result "1-0"]
[WhiteElo "2435"]
[BlackElo "3075"]
[TimeControl "180+1"]
[EndTime "10:30:47 PST"]
[Termination "Cptn2 won by resignation"]

1. e4 c6 2. d4 d5 3. Nd2 g6 4. Ngf3 Bg7 5. c3 Nh6 6. Bd3 O-O 7. O-O Nd7 8. Re1 Re8 9. Qb3 e6 10. c4 c5 11. cxd5 cxd4 12. dxe6 Rxe6 13. Bc4 Rb6 14. Qa3 Ng4 15. Bd5 Ndf6 16. Bc4 Nd7 17. Bd5 Ra6 18.
Qb3 Qf8 19. Ng5 Nge5 20. f4 Nc5 21. Qg3 Ned3 22. Bxf7+ Kh8 23. Bc4 Nxe1 24. Nf7+ Qxf7 25. Bxf7 Nc2 26. Rb1 d3 27. b4 Na4 28. Qxd3 Nd4 29. e5 Bf5 30. Qxd4 Bxb1 31. Nxb1 Rf8 32. Bb3 Rc6 33. Ba3 b5 34. Bxa4 Rc4 35. Qd5 Rcxf4 36. Bxb5 R4f5 37. Bb2 Rf2 38. Bd4 Rc2 39. Be3 Rb2 40.
Nd2 Rxb4 41. a4 a6 42. Bxa6 Rxa4 43. Bb5 Ra1+ 44. Nf1 Re1 45. h3 Rb8 46. e6 Bf6 47. Bd4 Kg7 48. Bxf6+ Kxf6 49. Bc4 Re8 50. Qf3+ Ke5 51.
Qg3+ Kd4 52. Qxe1 Kxc4 53. Ng3 Kd5 54. Qe4+ Kd6 55. Ne2 Rxe6 56. Qd4+ Ke7 57. Nf4 Rd6 58. Qg7+ Ke8 59. Qxh7 Rc6 60. Nxg6 Rc1+ 61. Kh2 Kd8 62. Qe7+ Kc8 63. h4 Rc6 64. h5 Kb8 65. h6 Rxg6 66. h7 Rh6+ 67. Kg1 Rxh7 68. Qxh7 Kc8 69.
Qf7 1-0

[Event "*** Titled Tuesday Blitz"]
[Site "Chess.com"]
[Date "2021.03.09"]
[Round "3"]
[White "Supernotar"]
[Black "bsnsun"]
[Result "1/2-1/2"]
[WhiteElo "2728"]
[BlackElo "2456"]
[TimeControl "180+1"]
[EndTime "10:30:47 PST"]
[Termination "Game drawn - insufficient material"]

1. d4 Nf6 2. c4 e6 3. Nf3 d5 4. e3 c5 5. dxc5 Bxc5 6. a3 Be7 7. b4 O-O 8. Bb2 dxc4 9. Bxc4 Qxd1+ 10. Kxd1 a6 11.
Ke2 b5 12. Bd3 Bb7 13. Nbd2 Nbd7 14. Nb3 Rac8 15. Na5 Ba8 16. Rhc1 Nb6 17. Rxc8 Rxc8 18. Rc1 Rxc1 19. Bxc1 Bd6 20. h3 Kf8 21. Bb2 Ke7 22.
Bd4 Nbd5 23. Ne5 h6 24. Nec6+ Ke8 25. g3 Nc7 26. e4 e5 27. Nxe5 Bxe4 28. Nec6 Bxd3+ 29. Kxd3 Kd7 30. Nb8+ Ke6 31. Nb3 Nfe8 32. Nc6 Kd5 33.
Nca5 g6 34. Be3 h5 35. g4 hxg4 36. hxg4 f5 37. gxf5 gxf5 38. f3 Be7 39. Nd4 Nd6 40. Ne2 Nc4 41. Nc3+ Ke5 42. Nxc4+ bxc4+ 43. Kxc4 Bd6 44. Ne2 Nb5 45. Bf4+ Ke6 46. Bxd6 Kxd6 47. a4 Na3+ 48. Kd3 Nb1 49. Kc2 Na3+ 50. Kc3 Nb1+ 51. Kd3 Na3 52. Nd4 Ke5 53. Ne2 Kd6 54. Nc1 Ke5 55.
Kc3 Nb1+ 56. Kc4 Nd2+ 57. Kc5 Nxf3 58. Kb6 Nd4 59. Kxa6 Ke4 60. b5 f4 61. b6 f3 62.
b7 Nc6 63. Nb3 Ke3 64. Kb6 Nb8 65. Kc7 Na6+ 66. Kb6 Nb8 67. Ka7 Nc6+ 68. Ka8 f2 69. Na5 f1=Q 70. Nxc6 Qa6+ 71. Na7 Qxa4 72. b8=Q Qe4+ 73.
Qb7 Qxb7+ 74. Kxb7 1/2-1/2

[Event "*** Titled Tuesday Blitz"]
[Site "Chess.com"]
[Date "2021.03.09"]
[Round "3"]
[White "DamageDoers"]
[Black "Anna_ChessMate"]
[Result "0-1"]
[WhiteElo "2364"]
[BlackElo "2547"]
[TimeControl "180+1"]
[EndTime "10:30:49 PST"]
[Termination "Anna_ChessMate won by resignation"]

1. Nf3 d5 2. d4 Nf6 3. g3 Bf5 4. Bg2 e6 5. O-O Be7 6. h3 O-O 7. Bg5 Nbd7 8. c3 h6 9. Bf4 c5 10. Ne5 Rc8 11. Nxd7 Qxd7 12. g4 Be4 13. f3 Bg6 14. e3 Bd6 15. Bh2 Bxh2+ 16. Kxh2 Rfe8 17.
Nd2 e5 18. dxc5 Rxc5 19. Nb3 Rcc8 20. Qd2 Qc7 21. Kh1 a5 22. Qf2 a4 23. Nd2 Bd3 24.
Rfc1 e4 25. f4 b5 26. Bf1 Bxf1 27. Nxf1 Nd7 28. a3 Nc5 29. Rc2 Nd3 30. Qg2 d4 31. exd4 Nxf4 32. Qg3 e3 33. Nxe3 Qb7+ 34. Ng2 Ne2 35.
Qf2 Qe4 36. Rd2 Rc6 37. Re1 Rce6 38. Rdxe2 Qxe2 39. Rxe2 Rxe2 40. Qf1 Rxb2 41. Qf5 Ree2 42. Qc8+ Kh7 43. Qf5+ Kg8 44. Qf3 Rec2 45. Kh2 g6 46. Kg3 Rb3 47. Kf4 Rcxc3 48. Qa8+ Kg7 49. Ne1 Rxa3 50. Qb8 Rxh3 51. Qe5+ Kh7 52. Qe7 Kg8 53. Qe8+ Kg7 54. Qe5+ Kh7 55. Qd5 g5+ 56. Kf5 Kg7 57.
Qe5+ Kf8 58. Qh8+ Ke7 59. Qe5+ Kd7 60. Qd5+ Kc7 61. Qxf7+ Kb6 62. Qe6+ Ka5 63. Qc8 Rac3 64. Qa8+ Kb4 65. d5 Rhe3 66. Qf8+ Kb3 67. Ng2 Red3 68.
Kg6 a3 69. d6 a2 70. Qf7+ Kb2 71. Qf2+ Rc2 72. Qf6+ Kb1 73. Ne1 a1=Q 74. Qxa1+ Kxa1 75. Nxc2+ Kb2 76. Nb4 Rxd6+ 77. Kf5 Kb3 78. Nc6 Rxc6 0-1

[Event "*** Titled Tuesday Blitz"]
[Site "Chess.com"]
[Date "2021.03.09"]
[Round "3"]
[White "dodorox"]
[Black "Diamantidis_13"]
[Result "0-1"]
[WhiteElo "2125"]
[BlackElo "2374"]
[TimeControl "180+1"]
[EndTime "10:30:49 PST"]
[Termination "Diamantidis_13 won on time"]

1. d4 Nf6 2. c4 e6 3. Nc3 Bb4 4.
e3 O-O 5. Bd2 d5 6. Nf3 b6 7. cxd5 exd5 8. Rc1 a6 9. Bd3 Bb7 10. Ne5 Nbd7 11. f4 Re8 12. O-O c5 13.
Be1 Rc8 14. Bh4 Bxc3 15. Rxc3 Qc7 16. g4 b5 17. Bxf6 gxf6 18. Nxd7 Qxd7 19. Bf5 Qe7 20.
Bxc8 Rxc8 21. dxc5 b4 22. Rb3 d4 23. Qxd4 a5 24.
Rd3 Ba6 25. Qd6 Qxd6 26. Rxd6 Bxf1 27. Kxf1 Rxc5 28. Rxf6 Rc1+ 29. Ke2 Rc2+ 30. Kd3 Rxb2 31. h4 Rxa2 32. Rb6 Ra3+ 33. Kd4 b3 34. Kc3 a4 35. Kb2 Ra2+ 36. Kb1 Re2 37. Rb4 Rxe3 38. Rxa4 h5 39. gxh5 Kg7 40. Kb2 Kf6 41. Rb4 Rf3 42. Rxb3 Rxf4 43.
Rh3 Rc4 44. Kb3 Rc7 45. Rg3 Kf5 46. Kb2 f6 47. Kb3 Kf4 48. Rg1 Rh7 49. Kc3 Rxh5 50. Rh1 Kg3 51. Kd3 Rxh4 52. Rf1 Rf4 53. Rg1+ Kf2 54.
Rg6 f5 55. Ra6 Kf3 56. Ra2 Re4 57. Rb2 Re8 58. Rb1 f4 59. Rf1+ Kg3 60. Rh1 f3 61. Rg1+ Kf2 62. Rg6 Kf1 63. Rf6 f2 64. Kd2 Rd8+ 65.
Kc2 Ke1 66. Re6+ Kf1 67. Rf6 Rd4 68. Kc3 Rg4 69. Kd2 Kg1 70. Ke2 Rg2 0-1

[Event "*** Titled Tuesday Blitz"]
[Site "Chess.com"]
[Date "2021.03.09"]
[Round "3"]
[White "kai_nov"]
[Black "PawnEatingZombie"]
[Result "1/2-1/2"]
[WhiteElo "2435"]
[BlackElo "2231"]
[TimeControl "180+1"]
[EndTime "10:30:49 PST"]
[Termination "Game drawn - insufficient material"]

1. d4 d5 2. c4 e6 3. Nc3 Bb4 4. Nf3 dxc4 5. Bg5 Ne7 6. Qa4+ Nbc6 7. e3 Bd7 8. Qc2 b5 9. Be2 O-O 10. O-O a6 11. a4 Na5 12. axb5 axb5 13. Ne5 c6 14.
Bf3 Qc7 15. Ne4 f6 16. Nxd7 Qxd7 17. Bf4 Nd5 18. Nc5 Bxc5 19. dxc5 Nxf4 20. exf4 Qd4 21. Rfe1 Qxc5 22. Rxe6 Nb3 23. Rxa8 Rxa8 24. g3 Nd4 25. Qe4 Nxe6 26. Qxe6+ Kh8 27. Bxc6 Rd8 28. Be4 Qd4 29. h4 b4 30. h5 Qd1+ 31. Kg2 Qxh5 32. Qxc4 Qe8 33.
Qxb4 Rb8 34. Qd4 Qb5 35. Bd3 Qxb2 36. Qe4 Qb7 37. Qxb7 Rxb7 38. Be4 Rc7 39. Kf3 g6 40. f5 g5 41. Kg4 Kg7 42. f3 Rc4 43. Kh5 Rb4 44.
Kg4 Kf8 45. Kh5 Ra4 46. Kg4 Ra7 47. Kh5 Ke7 48. Kg4 Kd6 49. Bd3 Ke5 50. Kh5 Kd4 51.
Be4 Ke3 52. Kh6 Kf2 53. g4 Kg3 54. Bd5 Kf4 55. Be4 Re7 56. Bd5 Re5 57. Bc6 Rc5 58.
Bb7 Rc3 59. Kxh7 Rxf3 60. Bxf3 Kxf3 61. Kg6 Kxg4 62. Kxf6 Kh4 63. Ke7 g4 64. f6 g3 65. f7 g2 66. f8=Q g1=Q 67. Qh6+ Kg3 68. Qg5+ Kf2 69. Qf4+ Kg2 70. Qg4+ Kf2 71. Qd4+ Kg2 72.
Qe4+ Kf2 73. Qc2+ Kf1 74. Qd1+ Kf2 75. Qxg1+ Kxg1 1/2-1/2